 Seeded DCSS version 0.29.1-13-g9f3cf754e1 (webtiles) character file.

Game seed: 16245865983455551772 (custom seed)

4 OTABOTABOTAB the Trooper (level 1, 7/11 HPs)
             Began as a Vine Stalker Fighter on Jan 24, 2023.
             Quit the game on level 1 of the Dungeon.
             The game lasted 00:00:23 (66 turns).

OTABOTABOTAB the Trooper (Vine Stalker Fighter)       Turns: 66, Time: 00:00:24

Health: 7/11       AC:  6    Str: 18    XL:     1   Next: 60%
Magic:  2/2        EV:  9    Int:  8    God:
Gold:   0          SH:  4    Dex: 13    Spells: 0/0 levels left

rFire   . . .      SeeInvis .   a - +0 rapier
rCold   . . .      Faith    .   c - +0 buckler
rNeg    . . .      Spirit   +   b - +0 scale mail
rPois   .          Reflect  .   (no helmet)
rElec   .          Harm     .   (no cloak)
rCorr   .          Rampage  .   (no gloves)
Will    .....                   (no boots)
Stlth   ..........              (no amulet)
HPRegen 0.03/turn               (no ring)
MPRegen 0.08/turn               (no ring)

@: no status effects
A: fangs 2, magic shield, antimagic bite, no potion heal 2
a: no special abilities


You were on level 1 of the Dungeon.
You visited 1 branch of the dungeon, and saw 1 of its levels.

Inventory:

Hand Weapons
 a - a +0 rapier (weapon)
Missiles
 s - 6 stones (quivered)
Armour
 b - a +0 scale mail (worn)
 c - a +0 buckler (worn)
Scrolls
 d - a scroll of acquirement
Potions
 M - a potion of might


   Skills:
 + Level 2.7 Fighting
 + Level 1.8 Short Blades
 + Level 2.4 Armour
 + Level 2.7 Shields


You couldn't memorise any spells.
You didn't know any spells.
Your spell library was empty.

Dungeon Overview and Level Annotations

Branches:
Dungeon (1/15)

Altars:


Innate Abilities, Weirdness & Mutations

You have extremely sharp teeth.
When hurt, damage is shared between your health and your magic reserves.
Your bite disrupts and absorbs the magic of your enemies.
Potions cannot restore your health.


Message History

Bad channel name for runrest: 'Jiyva says: Divide and consume' Welcome, OTABOTABOTAB the Vine Stalker Fighter.
Game seed: 16245865983455551772 (custom seed)
Found a sling.
Found a staircase leading out of the dungeon.
Found an escape hatch in the floor.
Found an escape hatch in the floor.
A goblin comes into view. It is wielding a +0 dagger.
The goblin shouts!
A quokka comes into view.
The quokka moves out of view.
There are monsters nearby!
You block the quokka's attack. The goblin hits you but does no damage.
You hit the goblin. You bite the goblin. You drain its power.
The quokka bites you but does no damage.
You block the goblin's attack.
The quokka bites you but does no damage.
You closely miss the goblin. You bite the goblin.
You kill the goblin!
The quokka closely misses you.
A quokka is nearby!
You hit the quokka. You block the quokka's attack.
The quokka barely misses you.
You hit the quokka but do no damage. You bite the quokka. You drain its power.
The quokka closely misses you.
You hit the quokka but do no damage. You block the quokka's attack.
You hit the quokka.
You kill the quokka!
No target in view!
No target in view!
You see here a +0 dagger.
s - 6 stones (quivered)
An endoplasm comes into view.
You see here 3 scrolls labelled WAC GOIFOFITOUPLEC.
d - 3 scrolls labelled WAC GOIFOFITOUPLEC You barely miss the endoplasm.
The endoplasm freezes you.
You are frozen.
You take 3 damage, and have 8/11 hp.
MASSIVE DAMAGE!!
You hit the endoplasm. The endoplasm freezes you.
You are frozen.
You take 2 damage, and have 6/11 hp.
You are too injured to fight recklessly!
You are too injured to fight recklessly!
You are too injured to fight recklessly!
Unknown command.
You are too injured to fight recklessly!
You hit the endoplasm. You bite the endoplasm.
You kill the endoplasm!
This is a scroll of acquirement!
Something appears at your feet! Something appears at your feet!

## #. # #.# .# #
#.######..###
##.##.#..........
........#@.#....
##.##...#..# .
#...###.#
#...#.#..
#..##.##.#
#..#...#.. ...
##.##...##.## ...
#..#.....#..#....
#..#..).†#..#...


There were no monsters in sight!

Vanquished Creatures
  An endoplasm (D:1)
  A goblin (D:1)
  A quokka (D:1)
3 creatures vanquished.

Notes
Turn   | Place    | Note
-------+----------+-------------------------------------------
     0 | D:1      | OTABOTABOTAB the Vine Stalker Fighter began the quest for
                  | the Orb.
     0 | D:1      | Reached XP level 1. HP: 11/11 MP: 2/2
    64 | D:1      | Identified 3 scrolls of acquirement
    64 | D:1      | Acquired 470 gold pieces
    65 | D:1      | Acquired 1015 gold pieces
    66 | D:1      | Quit the game

Illustrated notes

Levels and vault maps discovered:
D:1:      minmay_arrival_hallway, layout_loops_corners, basic_ecumenical_altar,
          minmay_unequal

Action                   || total
-------------------------++-------
Melee: Rapier            ||     9
       Bite              ||     4
  Use: Scroll            ||     2
Armor: Scale mail        ||     3
Dodge: Dodged            ||     3
Block: Buckler           ||     4

Table legend: (Time is in decaauts)
 A = Elapsed time spent in this place.
 B = Non-inter-level travel time spent in this place.
 C = Inter-level travel time spent in this place.
 D = Time resting spent in this place.
 E = Time spent auto-exploring this place.
 F = Levels seen in this place.
 G = Mean time per level.
                   A        B        C        D        E       F      G
               +--------+--------+--------+--------+--------+-----+--------+
         Total |     67 |     67 |      0 |      0 |     46 |   1 |   67.0 |
       Dungeon |     67 |     67 |      0 |      0 |     46 |   1 |   67.0 |
               +--------+--------+--------+--------+--------+-----+--------+

Top non-repeatable levels by time:
     D:1: 67 daAuts

Table legend:
 A = Kills in this place as a percentage of kills in entire the game.
 B = Kills by you in this place as a percentage of kills by you in the entire game.
 C = Kills by friends in this place as a percentage of kills by friends in the entire game.
 D = Other kills in this place as a percentage of other kills in the entire game.
 E = Experience gained in this place as a percentage of experience gained in the entire game.
 F = Experience gained in this place divided by the number of levels of this place that you have seen.
                   A       B       C       D       E      F
               +-------+-------+-------+-------+-------+----------------------
         Total | 100.0 | 100.0 |   N/A |   N/A | 100.0 |   6.0
       Dungeon | 100.0 | 100.0 |   N/A |   N/A | 100.0 |   6.0
               +-------+-------+-------+-------+-------+----------------------
